 Dungeon Crawl Stone Soup version 0.27-a0-1149-g4505690ab0 (webtiles) character file.

Game seed: 2784555240544612243

46 bilbop the Stinger (level 3, -3/20 HPs)
             Began as a Gargoyle Venom Mage on May 12, 2021.
             Slain by a wight
             ... wielding a +5 trident
              (7 damage)
             ... on level 3 of the Dungeon.
             The game lasted 00:12:41 (2650 turns).

bilbop the Stinger (Gargoyle Venom Mage)            Turns: 2650, Time: 00:12:42

Health: -3/20      AC:  6    Str: 11    XL:     3   Next: 66%
Magic:  7/7        EV: 11    Int: 16    God:
Gold:   61         SH:  5    Dex: 10    Spells: 4/7 levels left

rFire    . . .     SeeInvis +   a - +0 dagger (speed)
rCold    . . .     Faith    .   (no shield)
rNeg     + . .     Spirit   .   k - +0 leather armour
rPois    ∞         Reflect  +   (no helmet)
rElec    +         Harm     .   (no cloak)
rCorr    .         Rampage  .   (no gloves)
Will     .....                  (no boots)
Stlth    ++........             n - amulet of reflection
HPRegen  0.06/turn              j - ring of see invisible
MPRegen  0.10/turn              (no ring)

@: no status effects
A: sickness immunity, AC +3, negative energy resistance 1, electricity
resistance, torment resistance 1, petrification resistance
a: no special abilities


You were on level 3 of the Dungeon.
You visited 1 branch of the dungeon, and saw 3 of its levels.

You collected 61 gold pieces.

Inventory:

Hand Weapons
 a - a +0 dagger of speed (weapon)
 b - a +0 falchion
 o - a +0 dagger
Armour
 d - a +0 robe
 k - a +0 leather armour (worn)
 m - a scarf of harm
Jewellery
 j - a ring of see invisible (left hand)
 n - an amulet of reflection (around neck)
Wands
 l - a wand of iceblast (7)
Scrolls
 e - a scroll of noise {unknown}
 g - a scroll of fog {unknown}
 i - 3 scrolls of amnesia {unknown}
Potions
 c - a potion of invisibility {unknown}
 f - a potion of lignification {unknown}
 h - a potion of curing {unknown}


   Skills:
 + Level 1.1 Fighting
 - Level 1.5 Dodging
 + Level 2.4 Stealth
 + Level 1.1 Shields
 * Level 2.7 Spellcasting
 + Level 1.1 Transmutations
 + Level 3.1 Poison Magic


You had 4 spell levels left.
You knew the following spells:

 Your Spells              Type           Power      Damage    Failure   Level
a - Sting                 Tmut/Pois      36%        1d4       11%         1
b - Poisonous Vapours     Pois/Air       14%        N/A       21%         2

Your spell library contained the following spells:

 Spells                   Type           Power      Damage    Failure   Level
 Ignite Poison            Fire/Tmut/Pois 6%         N/A       38%         3
 Mephitic Cloud           Conj/Pois/Air  5%         N/A       45%         3
 Olgreb's Toxic Radiance  Pois           12%        N/A       56%         4


Dungeon Overview and Level Annotations

Branches:
Dungeon (3/15)

Altars:

Shops:
D:1 *   D:2 *


Innate Abilities, Weirdness & Mutations

You are immune to sickness and miasma.
Your stone body is resilient. (AC +3)
You are immune to poison.
You resist negative energy. (rN+)
You are resistant to electric shocks. (rElec)
You are resistant to unholy torment.
You are immune to petrification.


Message History

You kill the adder!
You start resting.
Magic restored.
You start resting.
HP restored.
A kobold comes into view. It is wielding a +0 short sword.
The sting hits the kobold.
The kobold is poisoned.
You kill the kobold!
Magic restored.
You see here a +0 short sword.
Found a spear.
You now have 61 gold pieces (gained 10).
A bat comes into view.
The sting hits the bat.
The bat is poisoned.
The bat is severely wounded.
You kill the bat!
You open the door.
Found a hand axe. 3 wights come into view.
A wight is wielding a +3 war axe of freezing.
There is an open door here.
The wight closely misses you. You block the wight's attack.
You see here a +0 hand axe.
You closely miss the wight. The wight barely misses you.
There is an open door here.
You hit the wight.
The wight is lightly damaged.
The wight closely misses you.
You completely miss the wight.
The wight is lightly damaged.
You block the wight's attack.
You closely miss the wight.
The wight is lightly damaged.
The wight hits you from afar with a +5 trident!
The wight hits you with a +3 war axe of freezing.
The wight freezes you.
* * * LOW HITPOINT WARNING * * *
The wight hits you from afar with a +5 trident!
You die...

#..# ## #..# #.# #..# #..#
#..# #...+ #..##....#
##..#z....# ##...#z...#
###....z...## #.....@#..##
#######......#.##
#............###
#.##.##......##
#.##.##.......####+#######+
#.##.##........)...........
#.##.##.##...........>....#
#.......##.....#.(#...##.#
####.#####..<.###.#...#


You could see 3 wights.

Vanquished Creatures
  An adder (D:3)
  6 ball pythons
  An endoplasm (D:2)
  3 goblins
  2 hobgoblins (D:1)
  2 jackals (D:1)
  8 kobolds
  2 quokkas
  3 bats
  A frilled lizard (D:2)
  4 rats
33 creatures vanquished.

Notes
Turn   | Place    | Note
-------+----------+-------------------------------------------
     0 | D:1      | bilbop the Gargoyle Venom Mage began the quest for the Orb.
     0 | D:1      | Reached XP level 1. HP: 10/10 MP: 3/3
   447 | D:1      | Reached XP level 2. HP: 10/16 MP: 0/5
   715 | D:1      | Found Vuqevugo's Assorted Antiques.
   966 | D:1      | Reached skill level 1 in Transmutations
  1311 | D:2      | Reached XP level 3. HP: 20/20 MP: 3/6
  1314 | D:2      | Learned a level 2 spell: Poisonous Vapours
  1346 | D:2      | Found Nygamiag's Assorted Antiques.
  1352 | D:2      | Reached skill level 1 in Shields
  1877 | D:2      | Reached skill level 1 in Fighting
  2355 | D:2      | Upgraded the game from 0.27-a0-1147-gb3d8e82157 to
                  | 0.27-a0-1149-g4505690ab0
  2650 | D:3      | Slain by a wight

Illustrated notes

Levels and vault maps discovered:
D:1:      dpeg_arrival_tiny_c, layout_loops_ring, serial_shops,
          nicolae_shop_trees, nrook_loot_triangle, hangedman_glass_teeth
D:2:      layout_basic, serial_shops, shop
D:3:      layout_loops_cross, chequers_serial_rivers_room_a,
          kennysheep_flooded_box, minmay_misc_feat_enclosed,
          minmay_quadrilaterals

Skill      XL: |  1  2  3 |
---------------+----------+-----
Transmutations | 1 |  1.1
Shields        | 1 |  1.1
Fighting       | 1 |  1.1
Dodging        | |  1.5
Stealth        | |  2.4
Spellcasting   | |  2.7
Poison Magic   | |  3.1

Action                   || total
-------------------------++-------
Melee: Dagger            ||    55
 Cast: Sting             ||    47
 Stab: Sleeping          ||     1
Armor: Leather armour    ||    20
Dodge: Dodged            ||    32
Block: Other             ||     4

Table legend: (Time is in decaauts)
 A = Elapsed time spent in this place.
 B = Non-inter-level travel time spent in this place.
 C = Inter-level travel time spent in this place.
 D = Time resting spent in this place.
 E = Time spent auto-exploring this place.
 F = Levels seen in this place.
 G = Mean time per level.
                   A        B        C        D        E       F      G
               +--------+--------+--------+--------+--------+-----+--------+
         Total |   2639 |   2561 |     78 |    484 |   1819 |   3 |  879.7 |
       Dungeon |   2639 |   2561 |     78 |    484 |   1819 |   3 |  879.7 |
               +--------+--------+--------+--------+--------+-----+--------+

Top non-repeatable levels by time:
     D:1: 1243 daAuts
     D:2: 1120 daAuts
     D:3: 275 daAuts
